 Dungeon Crawl Stone Soup version 0.30-a0-634-g8abc85282e (webtiles) character file.

Game seed: 3606470941892827699

52 timneilson the Slasher (level 3, -5/28 HPs)
             Began as a Demonspawn Gladiator on Jan 15, 2023.
             Slain by an iguana (13 damage)
             ... on level 2 of the Dungeon.
             The game lasted 00:01:26 (883 turns).

timneilson the Slasher (Demonspawn Gladiator)        Turns: 883, Time: 00:01:26

Health: -5/28      AC:  4    Str: 16    XL:     3   Next: 60%
Magic:  3/3        EV: 12    Int:  9    God:
Gold:   38         SH:  0    Dex: 14    Spells: 2/2 levels left

rFire   . . .      SeeInvis .    a - +0 long sword
rCold   . . .      Faith    .    (no shield)
rNeg    . . .      Spirit   .    b - +0 leather armour
rPois   .          Reflect  .    c - +0 helmet
rElec   .          Harm     .    (no cloak)
rCorr   .          Rampage  .    (no gloves)
Will    .....                    (no boots)
Stlth   +                        (no amulet)
HPRegen 0.24/turn                (no ring)
MPRegen 0.08/turn                (no ring)

@: no status effects
A: hooves 1
a: no special abilities


You were on level 2 of the Dungeon.
You visited 1 branch of the dungeon, and saw 2 of its levels.

You collected 38 gold pieces.

Inventory:

Hand Weapons
 a - a +0 long sword (weapon)
Missiles
 d - 3 throwing nets (quivered)
 e - a javelin
Armour
 b - a +0 leather armour (worn)
 c - a +0 helmet (worn)
Scrolls
 j - a scroll of blinking {unknown}
 m - 2 scrolls of identify {unknown}
 p - a scroll of noise {unknown}
Potions
 f - 2 potions of invisibility {unknown}
 g - 3 potions of mutation {unknown}
 h - a potion of attraction {unknown}
 i - 2 potions of curing {unknown}
 k - a potion of berserk rage {unknown}
 l - a potion of degeneration {unknown}
 n - 2 potions of brilliance {unknown}
 o - a potion of heal wounds {unknown}


   Skills:
 + Level 2.4 Fighting
 * Level 3.2 Long Blades
 - Level 1.9 Throwing
 * Level 1.4 Armour
 + Level 2.9 Dodging


You had 2 spell levels left.
You didn't know any spells.
Your spell library was empty.

Dungeon Overview and Level Annotations

Branches:
Dungeon (1/15)

Altars:


Innate Abilities, Weirdness & Mutations

You have large cloven feet.


Message History

You barely miss the kobold. You kick the kobold.
The kobold is severely wounded.
The kobold misses you.
You slash the kobold!
You kill the kobold!
The iguana hisses menacingly.
You hit the iguana but do no damage. The iguana bites you.
The goblin hits you with a +0 club.
You barely miss the iguana. You kick the iguana, but do no damage.
The iguana closely misses you. The goblin barely misses you.
You closely miss the iguana. The goblin hits you but does no damage.
The iguana misses you. The iguana barely misses you.
The goblin hits you with a +0 club.
You barely miss the iguana. Your kick misses the iguana.
A jackal comes into view.
The iguana misses you. The goblin hits you with a +0 club.
The jackal barks!
You hit the iguana but do no damage.
You hear a bark!
The iguana bites you! The goblin hits you with a +0 club.
You are too injured to fight recklessly!
You are too injured to fight recklessly!
You are too injured to fight recklessly!
You are too injured to fight recklessly!
You are too injured to fight recklessly!
You are too injured to fight recklessly!
You are too injured to fight recklessly!
You are too injured to fight recklessly!
You are too injured to fight recklessly!
You are too injured to fight recklessly!
You are too injured to fight recklessly!
You are too injured to fight recklessly!
You are too injured to fight recklessly!
You are too injured to fight recklessly!
You are too injured to fight recklessly!
You are too injured to fight recklessly!
The iguana attacks as you move away! The iguana bites you.
* * * LOW HITPOINT WARNING * * *
The iguana attacks as you move away! The iguana bites you!
You die...

........##.#
...........
##......#.##
...h......
#...#...###
##.........# #.#
#........#.# #.#
#..lg)...... .# #.#
#..@........ .. # .#
#.###........### ..
...# #.......##+#.#
.####.## #.....<.# #
.......###.......##
....................#
.....>.....#####.####
.........#.# #.#
.#.....#.#.# ##


You could see an iguana, a jackal and a goblin.

Vanquished Creatures
  An adder (D:2)
  2 dart slugs (D:1)
  2 endoplasms
  2 giant cockroaches
  5 goblins (D:1)
  A hobgoblin (D:1)
  6 jackals
  5 kobolds
  A quokka (D:2)
  3 ball pythons
  2 bats (D:1)
  A frilled lizard (D:1)
  3 rats
34 creatures vanquished.

Notes
Turn   | Place    | Note
-------+----------+-------------------------------------------
     0 | D:1      | timneilson the Demonspawn Gladiator began the quest for the
                  | Orb.
     0 | D:1      | Reached XP level 1. HP: 16/16 MP: 1/1
   112 | D:1      | Gained mutation: You have large cloven feet. [demonic
                  | ancestry]
   112 | D:1      | Reached XP level 2. HP: 13/22 MP: 2/2
   237 | D:1      | Reached skill level 3 in Long Blades
   237 | D:1      | Reached skill level 1 in Armour
   406 | D:1      | Reached XP level 3. HP: 27/27 MP: 3/3
   589 | D:1      | You fall into a shaft and drop 1 floor!
   668 | D:2      | Found a faded altar of an unknown god.
   883 | D:2      | Slain by an iguana

Illustrated notes

Levels and vault maps discovered:
D:1:      spicycebolla_arrival_transporter_tutorial, layout_loops_ring,
          hangedman_decor_lopped
D:2:      layout_basic, hellmonk_ecumenical_altar_dog_temple, uniq_natasha

Skill      XL: |  1  2 |
---------------+-------+-----
Long Blades    | 3 |  3.2
Armour         | 1 |  1.4
Fighting       | |  2.4
Throwing       | |  1.9
Dodging        | |  2.9

Action                   || total
-------------------------++-------
Melee: Long sword        ||   116
       Punch             ||     2
       Kick              ||    11
Armor: Leather armour    ||    52
Dodge: Dodged            ||    96

Table legend: (Time is in decaauts)
 A = Elapsed time spent in this place.
 B = Non-inter-level travel time spent in this place.
 C = Inter-level travel time spent in this place.
 D = Time resting spent in this place.
 E = Time spent auto-exploring this place.
 F = Levels seen in this place.
 G = Mean time per level.
                   A        B        C        D        E       F      G
               +--------+--------+--------+--------+--------+-----+--------+
         Total |    912 |    912 |      0 |      0 |    651 |   2 |  456.0 |
       Dungeon |    912 |    912 |      0 |      0 |    651 |   2 |  456.0 |
               +--------+--------+--------+--------+--------+-----+--------+

Top non-repeatable levels by time:
     D:1: 606 daAuts
     D:2: 305 daAuts
